AoeStats
← Lemi

Black Forest

505687417Analyzed
4v4 RM · 22d ago on Sep 10, 2026· 48m 33s· 8 players
Game mode
Random Map
Map size
Large (8 player)
Population
200
Speed
Normal
Resources
Standard
Victory
Conquest
Starting age
Dark Age
Ending age
Imperial Age
RankedLock teamsTeams togetherTeam positionsShared explorationLock speedFull tech treeHidden civsTurbo modeCheats
Victory
Defeat
1169
+13
🇹🇷 Persians · Türkiye
1102
+16
🇹🇷 Portuguese · Türkiye
1068
+17
🇹🇷 Bohemians · Türkiye
1051
+17
🇬🇧 Saracens · United Kingdom
1133
-17
🇧🇷 Saracens · Brazil
1112
-17
🇨🇦 Burmese · Canada
1078
-15
🇫🇷 Saracens · France
1044
-14
DerSchweizer
13:31 Feudal Age
17:32 Castle Age
15:23 Horse Collar
16:37 Wheelbarrow
18:17 Heavy Plow
19:32 Fervor
27:20 Hand Cart
27:05 Treadmill Crane
28:07 Loom
30:29 Bloodlines
30:19 Husbandry
29:40 Light Cavalry
31:06 Caravan
34:23 Imperial Age
33:02 Scale Barding Armor
32:49 Fletching
32:48 Town Watch
34:32 Ballistics
34:34 Chain Barding Armor
35:35 Conscription
35:57 Plate Barding Armor
35:33 Forging
35:45 Bodkin Arrow
37:33 Crop Rotation
39:11 Guard Tower
42:17 Iron Casting
Jobington
0:54 Loom
11:59 Feudal Age
12:34 Double-Bit Axe
12:29 Horse Collar
12:19 Man-at-Arms
21:55 Castle Age
23:35 Heavy Plow
28:21 Bow Saw
28:52 Wheelbarrow
31:31 Gold Mining
31:31 Stone Mining
33:08 Hand Cart
35:53 Gold Shaft Mining
35:47 Forging
35:42 Scale Barding Armor
35:28 Fletching
35:38 Padded Archer Armor
38:14 Imperial Age
36:00 Husbandry
36:10 Bloodlines
37:56 Iron Casting
37:42 Chain Barding Armor
Renannve
8:52 Loom
11:19 Feudal Age
12:52 Wheelbarrow
15:44 Castle Age
13:40 Horse Collar
14:37 Double-Bit Axe
20:40 Bow Saw
22:24 Gold Mining
23:58 Heavy Plow
26:34 Caravan
30:58 Imperial Age
29:21 Hand Cart
30:29 Forging
30:20 Scale Mail Armor
30:28 Scale Barding Armor
31:05 Forging
32:41 Chemistry
31:44 Husbandry
31:55 Bloodlines
31:06 Light Cavalry
33:07 Two-Man Saw
32:30 Chain Barding Armor
31:32 Heavy Camel Rider
32:38 Conscription
33:57 Fortified Wall
33:22 Hussar
aegis38
0:28 Loom
13:36 Feudal Age
14:42 Double-Bit Axe
16:49 Horse Collar
22:54 Castle Age
21:32 Gold Mining
21:42 Stone Mining
24:26 Caravan
25:31 Wheelbarrow
25:07 Town Watch
25:31 Heavy Plow
27:06 Bow Saw
28:55 Forging
30:40 Scale Barding Armor
31:04 Ballistics
33:15 Iron Casting
32:31 Fletching
32:25 Treadmill Crane
34:01 Fortified Wall
37:17 Imperial Age
36:20 Chain Barding Armor
35:56 Bodkin Arrow
36:45 Padded Archer Armor
36:45 Murder Holes
37:24 Elite Mameluke
39:10 Blast Furnace
38:45 Plate Barding Armor
38:40 Bloodlines
39:21 Conscription
39:48 Husbandry
41:32 Bracer
41:30 Elite Skirmisher
44:44 Chemistry
44:02 Light Cavalry
Torontist | The Hood
0:26 Loom
10:35 Feudal Age
11:26 Double-Bit Axe
18:10 Castle Age
20:51 Wheelbarrow
20:29 Bow Saw
20:00 Horse Collar
22:26 Heavy Plow
26:52 Hand Cart
28:53 Caravan
29:40 Gold Mining
33:16 Imperial Age
32:01 Coinage
31:42 Stone Mining
33:18 Town Watch
33:44 Forging
33:34 Scale Mail Armor
34:20 Conscription
34:01 Arquebus
33:22 Elite Organ Gun
35:05 Chemistry
35:14 Two-Man Saw
34:50 Crop Rotation
35:37 Siege Engineers
36:00 Bombard Tower
36:25 Pikeman
37:16 Halberdier
39:21 Iron Casting
39:02 Chain Mail Armor
40:39 Guilds
41:01 Banking
48:53 Blast Furnace
48:23 Plate Mail Armor
windsurfer | The Hood
0:28 Loom
13:03 Feudal Age
13:29 Double-Bit Axe
15:59 Horse Collar
20:10 Castle Age
18:51 Wheelbarrow
23:54 Bow Saw
24:42 Fervor
30:22 Imperial Age
28:32 Wagenburg Tactics
30:37 Chemistry
29:59 Ballistics
30:22 Hand Cart
30:22 Heavy Plow
31:34 Conscription
31:31 Squires
30:51 Pikeman
32:46 Two-Man Saw
32:01 Caravan
32:59 Scale Mail Armor
33:10 Forging
33:07 Houfnice
34:09 Chain Mail Armor
36:08 Plate Mail Armor
36:13 Iron Casting
37:25 Fletching
37:37 Padded Archer Armor
39:43 Blast Furnace
38:39 Bodkin Arrow
39:26 Halberdier
41:49 Bracer
42:05 Leather Archer Armor
Lemi
0:26 Loom
14:24 Feudal Age
18:18 Castle Age
21:47 Double-Bit Axe
23:12 Wheelbarrow
23:21 Horse Collar
25:57 Heavy Plow
26:17 Stone Mining
28:45 Bow Saw
32:45 Imperial Age
31:31 Forging
31:26 Scale Barding Armor
32:56 Stone Shaft Mining
32:18 Gold Mining
33:10 Iron Casting
32:58 Chain Barding Armor
32:52 Bloodlines
32:42 Husbandry
32:50 Devotion
33:19 Hand Cart
32:50 Town Watch
32:40 Elite War Elephant
33:43 Conscription
36:16 Chemistry
36:15 Crop Rotation
36:47 Two-Man Saw
37:18 Plate Barding Armor
37:43 Blast Furnace
40:31 Caravan
44:22 Ballistics
46:11 Gold Shaft Mining
InterfectoremTR | The Hood
0:26 Loom
11:09 Feudal Age
19:14 Castle Age
17:37 Double-Bit Axe
20:14 Bow Saw
20:57 Horse Collar
27:11 Caravan
33:24 Imperial Age
31:36 Wheelbarrow
31:28 Bloodlines
31:46 Scale Barding Armor
31:52 Forging
32:08 Gold Mining
33:09 Chain Barding Armor
34:23 Iron Casting
33:47 Cavalier
35:05 Plate Barding Armor
36:01 Hand Cart
35:54 Heavy Plow
35:22 Paladin
40:01 Crop Rotation
40:34 Two-Man Saw
45:42 Husbandry
Connection lost

Rejoining the realm…

Still unreachable

The connection could not be restored.

Session expired

The server has moved on; the page needs a fresh start.